AoeStats
← Lordinario

Arabia

509510117Analyzed
3v3 RM · 4d ago on Sep 27, 2026· 18m 56s· 6 players
Game mode
Random Map
Map size
Normal (6 player)
Population
200
Speed
Normal
Resources
Standard
Victory
Conquest
Starting age
Dark Age
Ending age
Imperial Age
RankedLock teamsTeams togetherTeam positionsShared explorationLock speedFull tech treeHidden civsTurbo modeCheats
Victory
Defeat
🇺🇸 Slavs · United States
1134
+9
🇺🇸 Chinese · United States
1115
+9
🇺🇸 Ethiopians · United States
971
+16
🇨🇱 Mapuche · Chile
1029
-14
🇨🇱 Magyars · Chile
950
-11
🇨🇱 Varangians · Chile
905
-9
Hidekisan
6:17 Loom
9:29 Feudal Age
10:04 Double-Bit Axe
9:58 Champi Runner
17:50 Fletching
sebassepulvedac
5:59 Loom
11:50 Feudal Age
14:44 Wheelbarrow
13:58 Double-Bit Axe
Lordinario
2:32 Loom
10:24 Feudal Age
14:03 Bloodlines
The Goated Grandpa
0:28 Loom
8:36 Feudal Age
9:06 Double-Bit Axe
19:53 Castle Age
18:56 Horse Collar
Sir Melcom
9:37 Feudal Age
9:23 Loom
13:23 Fletching
doritos2259
7:37 Loom
11:01 Feudal Age
17:54 Castle Age
16:15 Fletching
17:23 Bloodlines
19:26 Scale Barding Armor
Connection lost

Rejoining the realm…

Still unreachable

The connection could not be restored.

Session expired

The server has moved on; the page needs a fresh start.